3L
KINGSTON TOWNSHIP KNIGHTS @ PANAMA CITY PIRANHAS
07/17/2034
 
TOP OF THE 1ST
Kingston Township Knights batting - Pitching for Panama City Piranhas : RHP Luis Torrez
Pitching: RHP Luis Torrez
Batting: RHB Alfredo Cardenas 0-0: Called Strike
0-1: Swinging Strike
0-2: Foul Ball, location: 2F
0-2: Foul Ball, location: 2F
0-2: Ball
1-2: Ground out 5-3 (Groundball, 56S)
Batting: LHB António González 0-0: Called Strike
0-1: Ground out 4-3 (Groundball, 4)
Batting: RHB Ron Bernard 0-0: Ball
1-0: Foul Ball, location: 2F
1-1: Called Strike
1-2: SINGLE (Groundball, 4MD)
Batting: RHB EP Weston 0-0: Foul Ball, location: 2F
0-1: Ball
1-1: Swinging Strike
1-2: Strikes out looking
Top of the 1st over - 0 runs, 1 hit, 0 errors, 1 left on base; Kingston Township 0 - Panama City 0
BOTTOM OF THE 1ST
Panama City Piranhas batting - Pitching for Kingston Township Knights : RHP Rikkarti Gudmundur
Pitching: RHP Rikkarti Gudmundur
Batting: RHB Quindarious Monday 0-0: Ball
1-0: Ball
2-0: Ball
3-0: Base on Balls
Batting: LHB Murray Sperber 0-0: Ball
1-0: Foul Ball, location: 2F
1-1: Ball
2-1: Ball
Wild Pitch!
Quindarious Monday to second
3-1: Foul Ball, location: 2F
3-2: 2-RUN HOME RUN (Flyball, 9LD), Distance : 363 ft
Batting: RHB Tak-hing Huang 0-0: Foul Ball, location: 2F
0-1: Foul Ball, location: 2F
0-2: Ball
1-2: Foul Ball, location: 2F
1-2: Ball
2-2: Ball
3-2: Foul Ball, location: 2F
3-2: Base on Balls
Batting: RHB Mike Strickland 0-0: Foul Ball, location: 2F
0-1: Foul Ball, location: 2F
0-2: Strikes out swinging
Batting: LHB John Hansen 0-0: Ball
1-0: Ball
2-0: Swinging Strike
2-1: Foul Ball, location: 2F
2-2: Foul Ball, location: 2F
2-2: Ball
3-2: Base on Balls
Tak-hing Huang to second
Batting: RHB Sergio Ortíz 0-0: Ball
1-0: Foul Ball, location: 2F
1-1: Fly out, F9 (Flyball, 9)
Batting: LHB António Ramos 0-0: Called Strike
0-1: Called Strike
0-2: Foul Ball, location: 2F
0-2: Strikes out looking
Bottom of the 1st over - 2 runs, 1 hit, 0 errors, 2 left on base; Kingston Township 0 - Panama City 2
TOP OF THE 2ND
Kingston Township Knights batting - Pitching for Panama City Piranhas : RHP Luis Torrez
Batting: LHB Ed Mellor 0-0: Ball
1-0: Called Strike
1-1: DOUBLE (Flyball, 8LXD)
Batting: RHB Júlio Rodríguez 0-0: Called Strike
0-1: Ball
1-1: Ball
2-1: Ball
3-1: Ground out 6-3 (Groundball, 6)
Batting: RHB José Icaza 0-0: Called Strike
0-1: Fly out, F9 (Flyball, 9LM)
Batting: RHB Alejandro Serrato 0-0: Called Strike
0-1: Foul Ball, location: 2F
0-2: Strikes out swinging
Top of the 2nd over - 0 runs, 1 hit, 0 errors, 1 left on base; Kingston Township 0 - Panama City 2
BOTTOM OF THE 2ND
Panama City Piranhas batting - Pitching for Kingston Township Knights : RHP Rikkarti Gudmundur
Batting: LHB Jordan Westacott 0-0: Ball
1-0: Ball
2-0: Called Strike
2-1: Fly out, F7 (Flyball, 78S)
Batting: RHB Micah Coffey 0-0: Ball
1-0: Ball
2-0: Called Strike
2-1: Foul Ball, location: 2F
2-2: Foul Ball, location: 2F
2-2: Ball
3-2: Base on Balls
Batting: RHB Quindarious Monday 0-0: SINGLE (Line Drive, 89S)
Micah Coffey to second
Runner from 2nd tries for 3rd, SAFE, no throw
Batting: LHB Murray Sperber 0-0: Ball
1-0: Called Strike
1-1: Foul Ball, location: 2F
1-2: Ball
2-2: Ball
Passed Ball!
Micah Coffey scores
Quindarious Monday to second
3-2: Ground out U3 (Groundball, 3)
Quindarious Monday to third
Batting: RHB Tak-hing Huang 0-0: Ball
1-0: Fly out, F9 (Line Drive, 89M)
Bottom of the 2nd over - 1 run, 1 hit, 0 errors, 1 left on base; Kingston Township 0 - Panama City 3
TOP OF THE 3RD
Kingston Township Knights batting - Pitching for Panama City Piranhas : RHP Luis Torrez
Batting: LHB Ruben Yim 0-0: Ball
1-0: Ball
2-0: Swinging Strike
2-1: Ball
3-1: Bunt for hit - play at first, batter OUT! 1-3
Batting: RHB Alfredo Cardenas 0-0: Ball
1-0: Fly out, F6 (Line Drive, 6)
Batting: LHB António González 0-0: Ball
1-0: Called Strike
1-1: Ball
2-1: SINGLE (Groundball, 34D)
Batting: RHB Ron Bernard 0-0: Ball
1-0: 2-RUN HOME RUN (Flyball, 78XD), Distance : 413 ft
Batting: RHB EP Weston 0-0: Ball
1-0: SINGLE (Line Drive, 6D)
Batting: LHB Ed Mellor 0-0: Fly out, F4 (Popup, 4S)
Top of the 3rd over - 2 runs, 3 hits, 0 errors, 1 left on base; Kingston Township 2 - Panama City 3
BOTTOM OF THE 3RD
Panama City Piranhas batting - Pitching for Kingston Township Knights : RHP Rikkarti Gudmundur
Batting: RHB Mike Strickland 0-0: SINGLE (Line Drive, 3)
Batting: LHB John Hansen 0-0: Ball
1-0: Ball
2-0: Called Strike
2-1: Called Strike
2-2: Ball
3-2: Strikes out swinging
Batting: RHB Sergio Ortíz 0-0: Ball
1-0: Ball
2-0: SINGLE (Groundball, 56D)
Mike Strickland to second
Batting: LHB António Ramos 0-0: Ball
1-0: Fly out, F9 (Line Drive, 9D)
Runner from 2nd tags up, SAFE at 3rd, no throw
Batting: LHB Jordan Westacott 0-0: Ball
1-0: Ball
2-0: Ball
3-0: Fly out, F9 (Flyball, 9D)
Bottom of the 3rd over - 0 runs, 2 hits, 0 errors, 2 left on base; Kingston Township 2 - Panama City 3
TOP OF THE 4TH
Kingston Township Knights batting - Pitching for Panama City Piranhas : RHP Luis Torrez
Batting: RHB Júlio Rodríguez 0-0: Called Strike
0-1: Foul Ball, location: 2F
0-2: Ball
1-2: Foul Ball, location: 2F
1-2: Ball
2-2: Strikes out swinging
Batting: RHB José Icaza 0-0: Called Strike
0-1: SINGLE (Groundball, 56D)
Batting: RHB Alejandro Serrato 0-0: Called Strike
0-1: Ball
1-1: Grounds into double play, 6-4-3 (Groundball, 56)
Top of the 4th over - 0 runs, 1 hit, 0 errors, 0 left on base; Kingston Township 2 - Panama City 3
BOTTOM OF THE 4TH
Panama City Piranhas batting - Pitching for Kingston Township Knights : RHP Rikkarti Gudmundur
Batting: RHB Micah Coffey 0-0: Swinging Strike
0-1: Fly out, F9 (Line Drive, 9D)
Batting: RHB Quindarious Monday 0-0: Foul Ball, location: 2F
0-1: Ground out 6-3 (Groundball, 6)
Batting: LHB Murray Sperber 0-0: Ball
1-0: Foul Ball, location: 2F
1-1: Fly out, F8 (Line Drive, 8RM)
Bottom of the 4th over - 0 runs, 0 hits, 0 errors, 0 left on base; Kingston Township 2 - Panama City 3
TOP OF THE 5TH
Kingston Township Knights batting - Pitching for Panama City Piranhas : RHP Luis Torrez
Batting: LHB Ruben Yim 0-0: Ball
1-0: Called Strike
1-1: Fly out, F7 (Flyball, 78S)
Batting: RHB Alfredo Cardenas 0-0: Ball
1-0: Foul Ball, location: 2F
1-1: Ground out 6-3 (Groundball, 6)
Batting: LHB António González 0-0: Ball
1-0: Called Strike
1-1: Foul Ball, location: 2F
1-2: Fly out, F4 (Popup, 4)
Top of the 5th over - 0 runs, 0 hits, 0 errors, 0 left on base; Kingston Township 2 - Panama City 3
BOTTOM OF THE 5TH
Panama City Piranhas batting - Pitching for Kingston Township Knights : RHP Enrique Cortéz
Pitching: RHP Enrique Cortéz
Batting: RHB Tak-hing Huang 0-0: Ball
1-0: Foul Ball, location: 2F
1-1: Foul Ball, location: 2F
1-2: Fly out, F9 (Flyball, 9S)
Batting: RHB Mike Strickland 0-0: Ball
1-0: Foul Ball, location: 2F
1-1: Ball
2-1: Foul Ball, location: 2F
2-2: Ball
3-2: Fly out, F4 (Line Drive, 4)
Batting: LHB John Hansen 0-0: Ball
1-0: DOUBLE (Line Drive, 9LD)
Batting: RHB Sergio Ortíz 0-0: Ground out 5-3 (Groundball, 56S)
Bottom of the 5th over - 0 runs, 1 hit, 0 errors, 1 left on base; Kingston Township 2 - Panama City 3
TOP OF THE 6TH
Kingston Township Knights batting - Pitching for Panama City Piranhas : RHP Luis Torrez
Batting: RHB Ron Bernard 0-0: SOLO HOME RUN (Flyball, 78XD), Distance : 388 ft
Batting: RHB EP Weston 0-0: Foul Ball, location: 2F
0-1: Called Strike
0-2: Strikes out swinging
Batting: LHB Ed Mellor 0-0: Foul Ball, location: 2F
0-1: SINGLE (Line Drive, 5S)
Batting: RHB Júlio Rodríguez 0-0: SINGLE (Line Drive, 4D)
Ed Mellor to second
Batting: RHB José Icaza 0-0: Ball
1-0: Called Strike
1-1: Ball
2-1: Ball
3-1: Fly out, F8 (Flyball, 8RD)
Batting: RHB Alejandro Serrato 0-0: Ball
1-0: Called Strike
1-1: Foul Ball, location: 2F
1-2: Strikes out swinging
Top of the 6th over - 1 run, 3 hits, 0 errors, 2 left on base; Kingston Township 3 - Panama City 3
BOTTOM OF THE 6TH
Panama City Piranhas batting - Pitching for Kingston Township Knights : RHP Enrique Cortéz
Batting: LHB António Ramos 0-0: Foul Ball, location: 2F
0-1: Called Strike
0-2: Strikes out swinging
Batting: LHB Jordan Westacott 0-0: Fly out, F8 (Flyball, 89M)
Batting: RHB Micah Coffey 0-0: Called Strike
0-1: Foul Ball, location: 2F
0-2: Ball
1-2: Ball
2-2: Foul Ball, location: 2F
2-2: Hit by Pitch
Batting: RHB Quindarious Monday 0-0: Foul Ball, location: 2F
0-1: Ground out 6-3 (Groundball, 6MD)
Bottom of the 6th over - 0 runs, 0 hits, 0 errors, 1 left on base; Kingston Township 3 - Panama City 3
TOP OF THE 7TH
Kingston Township Knights batting - Pitching for Panama City Piranhas : RHP Luis Torrez
Batting: LHB Ruben Yim 0-0: Called Strike
0-1: Foul Ball, location: 2F
0-2: Ball
1-2: Ball
2-2: Fly out, F8 (Flyball, 8RXD)
Batting: RHB Alfredo Cardenas 0-0: Called Strike
0-1: Called Strike
0-2: Strikes out swinging
Batting: LHB António González 0-0: Ground out 4-3 (Groundball, 4)
Top of the 7th over - 0 runs, 0 hits, 0 errors, 0 left on base; Kingston Township 3 - Panama City 3
BOTTOM OF THE 7TH
Panama City Piranhas batting - Pitching for Kingston Township Knights : RHP Enrique Cortéz
Batting: LHB Murray Sperber 0-0: Fly out, F9 (Flyball, 89D)
Batting: RHB Tak-hing Huang 0-0: Ball
1-0: Ball
2-0: Ball
3-0: Base on Balls
Batting: RHB Mike Strickland 0-0: Swinging Strike
0-1: Swinging Strike
0-2: Ball
1-2: Foul Ball, location: 2F
1-2: Ball
2-2: Strikes out swinging
Batting: LHB John Hansen 0-0: Ball
1-0: Called Strike
1-1: Ball
2-1: Swinging Strike
2-2: Foul Ball, location: 2F
2-2: Strikes out swinging
Bottom of the 7th over - 0 runs, 0 hits, 0 errors, 1 left on base; Kingston Township 3 - Panama City 3
TOP OF THE 8TH
Kingston Township Knights batting - Pitching for Panama City Piranhas : RHP Luis Torrez
Pitching: RHP Robinson Suárez
Batting: RHB Ron Bernard 0-0: Ball
1-0: Foul Ball, location: 2F
1-1: Ball
2-1: Ball
3-1: Base on Balls
Batting: RHB EP Weston 0-0: Called Strike
0-1: Ball
1-1: Ball
Wild Pitch!
Ron Bernard to second
2-1: Called Strike
2-2: Fly out, F2 (Popup, 25F)
Batting: LHB Ed Mellor 0-0: Intentional Walk
Batting: RHB Júlio Rodríguez 0-0: Foul Ball, location: 2F
0-1: Called Strike
0-2: Strikes out swinging
Batting: RHB José Icaza 0-0: Called Strike
0-1: Ball
1-1: Ball
2-1: Foul Ball, location: 2F
2-2: Ball
3-2: Ground out U3 (Groundball, 3L)
Top of the 8th over - 0 runs, 0 hits, 0 errors, 2 left on base; Kingston Township 3 - Panama City 3
BOTTOM OF THE 8TH
Panama City Piranhas batting - Pitching for Kingston Township Knights : RHP Enrique Cortéz
Batting: RHB Sergio Ortíz 0-0: Ball
1-0: Foul Ball, location: 2F
1-1: Foul Ball, location: 2F
1-2: Ball
2-2: Ground out 4-3 (Groundball, 4)
Batting: LHB António Ramos 0-0: Foul Ball, location: 2F
0-1: Ball
1-1: SOLO HOME RUN (Flyball, 9LD), Distance : 353 ft
Batting: LHB Jordan Westacott 0-0: Swinging Strike
0-1: Swinging Strike
0-2: Ball
1-2: Strikes out swinging
Batting: RHB Micah Coffey 0-0: Called Strike
0-1: Ball
1-1: Ball
2-1: Ball
3-1: Base on Balls
Batting: RHB Quindarious Monday 0-0: Called Strike
0-1: Fly out, F7 (Flyball, 7S)
Bottom of the 8th over - 1 run, 1 hit, 0 errors, 1 left on base; Kingston Township 3 - Panama City 4
TOP OF THE 9TH
Kingston Township Knights batting - Pitching for Panama City Piranhas : RHP Robinson Suárez
Pitching: LHP Joe Khokar
Batting: RHB Alejandro Serrato 0-0: Foul Ball, location: 2F
0-1: Ball
1-1: Foul Ball, location: 2F
1-2: Strikes out looking
Pinch Hitting: RHB Gustavo Mateo 0-0: Foul Ball, location: 2F
0-1: Foul Ball, location: 2F
0-2: Foul Ball, location: 2F
0-2: Ground out 5-3 (Groundball, 5)
Batting: RHB Alfredo Cardenas 0-0: Foul Ball, location: 2F
0-1: Called Strike
0-2: Foul Ball, location: 2F
0-2: Ground out 5-3 (Groundball, 5L)
Top of the 9th over - 0 runs, 0 hits, 0 errors, 0 left on base; Kingston Township 3 - Panama City 4
Friday, March 29th, 2019 - OOTP Baseball 18.8 Build 76